 Dungeon Crawl Stone Soup version 0.29.1-12-g30fa7ad0bf (webtiles) character file.

Game seed: 10152440098509092275

1006 IcyTea the Conjurer (level 8, -1/36 HPs)
             Began as a Felid Conjurer on Dec 18, 2022.
             Was an Initiate of Gozag.
             Slain by an orc
             ... wielding a +0 hand axe
              (4 damage)
             ... on level 7 of the Dungeon.
             The game lasted 00:42:25 (8805 turns).

IcyTea the Conjurer (Felid Conjurer)                Turns: 8805, Time: 00:42:27

Health: -1/36      AC:  2    Str:  5    XL:     8   Next: 0%
Magic:  9/15       EV: 18    Int: 19    God:    Gozag
Gold:   866        SH:  0    Dex: 15    Spells: 9/15 levels left
                                        Lives:  0   Deaths: 2

rFire   . . .      SeeInvis +     - Unarmed
rCold   + . .      Faith    .   (shield unavailable)
rNeg    . . .      Spirit   .   (body armour unavailable)
rPois   .          Reflect  .   (helmet unavailable)
rElec   .          Harm     .   (cloak unavailable)
rCorr   +          Rampage  .   (gloves unavailable)
Will    +....                   (boots unavailable)
Stlth   +++.......              (no amulet)
HPRegen 0.12/turn               g - ring of resist corrosion
MPRegen 0.14/turn               (no ring)

@: gold aura, very slightly contaminated, quick
A: very small, claws 1, fangs 3, see invisible, speed 1, shaggy fur 2, stealthy
paws, no weapons or thrown items, no armour, multi-lived, cold resistance 1,
wild magic 1
a: Renounce Religion, Potion Petition, Call Merchant, Bribe Branch


You were on level 7 of the Dungeon.
You worshipped Gozag.
Gozag was pleased with you.
You visited 1 branch of the dungeon, and saw 7 of its levels.
You also visited: Ossuary.

You collected 896 gold pieces.
You paid 30 gold pieces to Gozag.

Inventory:

Jewellery
 g - a ring of resist corrosion (left paw)
 s - a ring of ice
Wands
 i - a wand of flame (66)
 m - a wand of polymorph (17)
 o - a wand of iceblast (15)
 w - a wand of light (2)
Scrolls
 b - a scroll of summoning
 h - 3 scrolls of teleportation
 j - 2 scrolls of poison
 n - a scroll of magic mapping {unknown}
 p - a scroll of blinking {unknown}
 q - a scroll of immolation
 r - a scroll of vulnerability {unknown}
 t - a scroll of brand weapon {unknown}
 u - 2 scrolls of amnesia {unknown}
 v - 2 scrolls of acquirement {unknown}
Potions
 a - a potion of magic
 c - a potion of flight {unknown}
 d - 3 potions of curing
 e - a potion of lignification {unknown}
 f - 6 potions of heal wounds
 k - 3 potions of might {unknown}
 l - a potion of ambrosia {unknown}


   Skills:
 - Level 4.0 Fighting
 - Level 4.0 Dodging
 + Level 4.9 Stealth
 - Level 2.7 Unarmed Combat
 - Level 4.0 Spellcasting
 - Level 7.5 Conjurations
 - Level 6.0 Earth Magic
 - Level 3.5 Evocations


You had 9 spell levels left.
You knew the following spells:

 Your Spells              Type           Power      Damage    Failure   Level
a - Magic Dart            Conj           100%       1d8       1%          1
b - Searing Ray           Conj           84%        2d7       1%          2
c - Stone Arrow           Conj/Erth      76%        3d11      4%          3

Your spell library contained the following spells:

 Spells                   Type           Power      Damage    Failure   Level
 Conjure Flame            Conj/Fire      23%        6-21      13%         3
 Dazzling Flash           Conj/Hex       46%        N/A       13%         3
 Fulminant Prism          Conj/Hex       11%        3d9       36%         4
 Iskenderun's Mystic Bla  Conj/Tloc      23%        2d6       36%         4
 Sticky Flame             Conj/Fire      23%        2d4       36%         4
 Ignite Poison            Fire/Tmut/Pois 4%         N/A       47%         3
 Conjure Ball Lightning   Conj/Air       11%        3x3d6     99%         6
 Discord                  Hex            2%         N/A       100%        8
 Disjunction              Tloc           2%         N/A       100%        8
 Lehudib's Crystal Spear  Conj/Erth      19%        10d6      100%        8
 Animate Armour           Summ/Erth      Unusable   N/A       N/A         4

Dungeon Overview and Level Annotations

Branches:
Dungeon (7/15)             Temple (0/1) D:7         Ossuary (visited)

Altars:
Ashenzari
Cheibriados
Dithmenos
Gozag
Hepliaklqana
Yredelemnul
The Shining One

Shops:
D:4 *

Annotations:
D:6 2 transporters, Flure's ghost, novice DsFE
D:7 exclusion: oklob sapling


Innate Abilities, Weirdness & Mutations

You have sharp claws.
You have razor-sharp teeth.
You have supernaturally acute eyesight. (SInv)
You cover ground quickly. (Speed+)
You are covered in thick fur. (AC +2)
Your paws help you pounce on unaware monsters.
You are incapable of wielding weapons or throwing items.
You cannot wear armour.
You gain extra lives every three experience levels.
Your flesh is cold resistant. (rC+)
Your spells are a little harder to cast, but a little more powerful.


Message History

The orc wizard points at you and mumbles some strange words.
You resist with almost no effort. The orc completely misses you.
The orc closely misses you.
You scratch the orc wizard but do no damage.
The orc wizard is severely wounded.
The orc wizard hits you with a +0 dagger.
The orc hits you from afar with a +0 trident!
The orc hits you with a +0 hand axe.
* * * LOW HITPOINT WARNING * * *
You scratch the orc wizard but do no damage.
The orc wizard is severely wounded.
The orc wizard points at you and mumbles some strange words.
The puff of flame misses you.
The orc hits you from afar with a +0 trident.
* * * LOW HITPOINT WARNING * * *
The orc barely misses you.
You scratch the orc wizard.
The orc wizard is almost dead.
The orc wizard barely misses you.
Casting: Magic Dart (safe; 1% risk of failure)
Confirm with . or Enter, or press ? or * to list all spells.
Aiming: Stone Arrow (dangerous; 4% risk of failure)
Press: ? - help, Shift-Dir - straight line, f - orc wizard
Aim: an orc wizard, wielding a +0 dagger and wearing a +0 robe (almost dead, slightly transparent, 67% to hit)
You miscast Stone Arrow.
You are very lightly contaminated with residual magic.
Nothing appears to happen.
The orc wizard hits you with a +0 dagger.
* * * LOW HITPOINT WARNING * * *
The orc barely misses you.
Casting: Stone Arrow (dangerous; 4% risk of failure)
Confirm with . or Enter, or press ? or * to list all spells.
Aiming: Stone Arrow (dangerous; 4% risk of failure)
Press: ? - help, Shift-Dir - straight line, f/p - orc wizard
Aim: an orc wizard, wielding a +0 dagger and wearing a +0 robe (almost dead, slightly transparent, 67% to hit)
The stone arrow hits the orc wizard!
You kill the orc wizard!
The orc hits you with a +0 hand axe.
You die...
Your body crumbles into a pile of gold.

####.#####.......# ###
#.......# #.......#
#.......#
#.....#.......#
#.....#.......#
##.....#.......#
...........#.......#
....##.....#@......#
....##.ooo.#$o.....#
#####...#......#oo.....#
....#...#....oo'o......#
....#...########)......#
....#...#..............#
....#'###..............#
.......................#
####...................#


You could see 4 orcs.

Vanquished Creatures
  Pikel (D:6)
  Sigmund (D:2)
  A wyvern (D:7)
  Eustachio (D:6)
  An ice beast (D:5)
  The ghost of ChadusMaximus the Shield-Bearer, an amateur MiFi (D:4)
  2 sky beasts
  A phantom (D:6)
  Blork the orc (D:5)
  A bullfrog (D:6)
  A necrophage (D:5)
  A howler monkey (D:5)
  2 centaur zombies (Ossuary)
  7 hounds
  2 gnoll boudas
  4 orc priests
  3 human zombies (Ossuary)
  Ijyb (D:5)
  4 iguanas
  Natasha (thrice) (D:3)
  4 orc wizards
  2 mummies (Ossuary)
  11 gnolls
  8 adders
  An ufetubus (D:5)
  3 worms
  3 dart slugs
  13 orcs
  4 endoplasms
  4 giant cockroaches
  5 goblins
  3 hobgoblins
  8 jackals
  2 quokkas
  8 ball pythons
  A bat (D:2)
  3 frilled lizards (D:1)
  A goblin zombie (Ossuary)
  7 hobgoblin zombies (Ossuary)
  2 jackal zombies (Ossuary)
  4 kobolds
  11 kobold zombies (Ossuary)
  11 orc zombies (Ossuary)
  4 rats
  2 rat zombies (D:7)
164 creatures vanquished.

Notes
Turn   | Place    | Note
-------+----------+-------------------------------------------
     0 | D:1      | IcyTea the Felid Conjurer began the quest for the Orb.
     0 | D:1      | Reached XP level 1. HP: 7/7 MP: 4/4
   227 | D:1      | Reached skill level 4 in Conjurations
   234 | D:1      | Reached XP level 2. HP: 11/11 MP: 0/6
   301 | D:1      | Learned a level 2 spell: Searing Ray
   443 | D:1      | Gained mutation: Your flesh is cold resistant. (rC+)
                  | [potion of mutation]
   443 | D:1      | Gained mutation: Your spells are a little harder to cast,
                  | but a little more powerful. [potion of mutation]
  1004 | D:2      | Noticed Sigmund
  1339 | D:2      | Noticed a shining eye
  1418 | D:2      | Found a faded altar of an unknown god.
  1421 | D:2      | Noticed an eye of devastation
  1421 | D:2      | Noticed a floating eye
  1421 | D:2      | Noticed a great orb of eyes
  1554 | D:2      | Reached XP level 3. HP: 14/14 MP: 0/7
  1974 | D:3      | Found a glowing golden altar of the Shining One.
  2033 | D:3      | Found a broken altar of Ashenzari.
  2111 | D:3      | Noticed Natasha
  2114 | D:3      | Killed Natasha
  2115 | D:3      | Reached skill level 5 in Conjurations
  2115 | D:3      | Reached XP level 4. HP: 18/18 MP: 4/8
  2121 | D:3      | Learned a level 3 spell: Stone Arrow
  2122 | D:3      | Noticed Natasha
  2129 | D:3      | Killed Natasha
  2328 | D:3      | Noticed Natasha
  2334 | D:3      | Killed Natasha
  2635 | D:4      | Reached XP level 5. HP: 21/21 MP: 5/10
  2679 | D:4      | Found the +8 demon trident "Rift" {distort, reach+}
  2706 | D:4      | Reached skill level 1 in Earth Magic
  3118 | D:4      | Reached skill level 6 in Conjurations
  3125 | D:4      | Gained mutation: You are covered in thick fur. (AC +2)
                  | [Felid growth]
  3125 | D:4      | Reached XP level 6. HP: 24/24 MP: 0/11
  3310 | D:4      | Found Gozag's Platinum Reserve.
  3312 | D:4      | Found a runed translucent gate.
  3315 | D:4      | Found an opulent altar of Gozag.
  3339 | D:4      | Became a worshipper of Gozag Ym Sagoz the Greedy
  3793 | D:4      | Found a runed translucent gate.
  3793 | D:4      | Found a runed translucent gate.
  3793 | D:4      | Noticed ChadusMaximus's ghost (amateur MiFi)
  3929 | D:4      | Killed ChadusMaximus's ghost
  4029 | D:4      | Noticed a sky beast
  4087 | D:4      | Killed a sky beast
  4088 | D:4      | Reached skill level 7 in Conjurations
  4088 | D:4      | Reached XP level 7. HP: 27/27 MP: 1/12
  4354 | D:5      | Entered Level 5 of the Dungeon
  4637 | D:5      | Noticed Ijyb
  4930 | D:5      | Noticed Blork the orc
  4937 | D:5      | Killed Blork the orc
  5294 | D:5      | Killed Ijyb
  5655 | D:5      | Reached skill level 1 in Unarmed Combat
  5791 | D:5      | Found a basalt altar of Yredelemnul.
  5794 | D:5      | Found a snail-covered altar of Cheibriados.
  5815 | D:5      | Reached XP level 8. HP: 27/31 MP: 5/15
  6004 | D:5      | Reached skill level 1 in Fighting
  6077 | D:6      | Found a transporter.
  6081 | D:6      | Found a transporter.
  6082 | D:6      | Noticed Flure's ghost (novice DsFE)
  6082 | D:6      | Noticed Eustachio
  6092 | D:6      | Killed Eustachio
  6175 | D:6      | Reached skill level 1 in Evocations
  6551 | D:2      | Killed Sigmund
  7047 | D:6      | Found a hazy altar of Hepliaklqana.
  7185 | D:6      | Noticed Pikel
  7196 | D:6      | Slain by a lemure
  7197 | D:6      | Reached XP level 7. HP: -5/32 MP: 7/14
  7225 | D:6      | Killed Pikel
  7226 | D:6      | Reached skill level 5 in Earth Magic
  7226 | D:6      | Reached XP level 8. HP: 36/36 MP: 8/15
  7281 | D:6      | Found a shadowy altar of Dithmenos.
  7464 | D:7      | Noticed a two-headed ogre
  7468 | D:7      | Found a sand-covered staircase.
  7475 | Ossuary  | Entered an ossuary
  7937 | Ossuary  | Slain by a mummy
  7938 | Ossuary  | Reached XP level 7. HP: 0/32 MP: 3/14
  8358 | D:7      | Noticed a wyvern
  8377 | D:7      | Killed a wyvern
  8378 | D:7      | Reached XP level 8. HP: 11/36 MP: 0/15
  8668 | D:7      | Found a staircase to the Ecumenical Temple.
  8737 | D:7      | Identified the +9 bardiche of Exquisite Torment {vorpal,
                  | Dex+2}
  8805 | D:7      | Slain by an orc

Illustrated notes

Levels and vault maps discovered:
D:1:      lemuel_arrival_tunnels, layout_basic
D:2:      layout_loops_cross, hellmonk_ecumenical_altar_watching_god,
          minivault_4, kennysheep_decorative_pillar, minmay_tromino_i2,
          uniq_sigmund
D:3:      layout_rooms, ashenzari_altar_1, mainiacjoe_overflow_catwalk,
          uniq_natasha
D:4:      layout_cave_pods, nicolae_gozag_zags_fifth_avenue,
          ebering_ghost_rock_garden, minivault_11, nrook_mini_vaults
D:5:      layout_rooms, nicolae_overflow_squiral, chequers_garden, uniq_ijyb,
          uniq_blork_the_orc
D:6:      layout_cave_pools, grunt_dithmenos_smoke, lemuel_round_altar,
          gammafunk_ghost_hive, kennysheep_generic_room_4, uniq_eustachio,
          uniq_pikel
D:7:      layout_gridville, nicolae_vehumet_altar_sigil,
          minmay_temple_entry_oklob, enter_ossuary_4

Skill      XL: |  1  2  3  4  5  6  7  8 |
---------------+-------------------------+-----
Conjurations   | 4 5 6 7 |  7.5
Spellcasting   | 3 4 |  4.0
Earth Magic    | 1 5 6 |  6.0
Unarmed Combat | 2 |  2.7
Fighting       | 4 |  4.0
Evocations     | 3 |  3.5
Dodging        | 4 |  4.0
Stealth        | 4 |  4.9

Action                   |  1- 3 |  4- 6 |  7- 9 || total
-------------------------+-------+-------+-------++-------
Melee: Unarmed           |     8 |     3 |   134 ||   145
       Bite              |     1 |     1 |    20 ||    22
       Punch             |       |       |     2 ||     2
 Cast: Magic Dart        |    63 |    86 |   179 ||   328
       Searing Ray       |     2 |     6 |    15 ||    23
       Stone Arrow       |       |       |    25 ||    25
Evoke: Wand              |       |     8 |    11 ||    19
  Use: Scroll            |     5 |     1 |     2 ||     8
       Potion            |     1 |       |       ||     1
 Stab: Sleeping          |       |       |     1 ||     1
Armor: Skin              |     3 |       |    25 ||    28
Dodge: Dodged            |    19 |     8 |   176 ||   203
